Map: Prion Terraces

Players

hydra

  • Race: Zerg Zerg
  • League: Grandmaster

EJK - Winner!

  • Race: Terran Terran
  • League: Grandmaster

VOD

Have the link to the VOD?

Description

Time

  • Played on: April 6, 2016, 4:42 p.m.
  • Length: 35:23
Show
View Real Time Build Order
Export as new Build Order

hydra Zerg 

Build Orders: Hatch First 

Get SALT Encoding   

  12  0:00  Drone  
  13  0:12  Overlord  
  13  0:17  Drone  
  14  0:30  Drone x2  
  14  0:35  Drone  
  17  0:51  Hatchery  
  17  0:54  Drone  
  17  0:58  Drone  
  18  1:04  Extractor  
  17  1:13  Spawning Pool  
  17  1:16  Drone  
  17  1:20  Drone  
  18  1:29  Drone  
  19  1:38  Overlord  
  19  2:00  Queen  
  19  2:01  Zergling x4  
  23  2:03  Queen  
  23  2:04  Drone  
  23  2:08  Metabolic Boost  
  26  2:12  Drone  
  26  2:14  Drone  
  28  2:21  Drone  
  29  2:26  Drone  
  30  2:35  Queen  
  32  2:38  Queen, Zergling x2  
  32  2:41  Overlord  
  35  2:45  Drone  
  35  2:49  Overlord  
  36  3:00  Drone x2  
  36  3:05  Drone  
  39  3:08  Drone  
  39  3:09  Drone  
  39  3:11  Drone  
  42  3:17  Drone  
  43  3:21  Drone  
  43  3:25  Drone  
  43  3:26  Drone x2  
  46  3:28  Drone  
  46  3:33  Queen, Drone  
  50  3:34  Overlord  
  50  3:35  Hatchery  
  50  3:39  Drone  
  49  3:49  Extractor, Overlord  
  49  3:51  Extractor, Drone x2  
  49  3:53  Lair  
  49  3:56  Drone  
  49  3:59  Drone  
  50  4:05  Zergling x8  
  54  4:10  Roach Warren  
  54  4:11  Queen, Evolution Chamber  
  54  4:14  Evolution Chamber, Drone  
  54  4:19  Drone x3  
  54  4:20  Drone x3  
  60  4:26  Zergling x4  
  60  4:31  Overlord  
  62  4:35  Overlord  
  62  4:43  Zerg Missile Weapons Level 1  
  62  4:45  Zerg Ground Armor Level 1  
  62  4:55  Drone  
  62  4:57  Glial Reconstitution  
  62  4:58  Drone x4  
  67  5:01  Extractor, Drone x2  
  67  5:04  Overlord  
  68  5:09  Overseer, Overlord  
  68  5:14  Drone  
  68  5:15  Drone  
  68  5:17  Roach x2  
  74  5:22  Drone  
  74  5:23  Drone  
  74  5:26  Hydralisk Den, Drone  
  76  5:31  Roach x4  
  76  5:32  Roach  
  86  5:41  Overlord x2  
  86  5:42  Drone  
  87  5:43  Drone  
  87  5:44  Drone x2  
  87  5:45  Extractor  
  87  5:46  Extractor, Drone  
  89  5:56  Pneumatized Carapace  
  88  5:57  Overseer  
  88  5:59  Drone  
  88  6:00  Drone x2  
  88  6:01  Drone x3  
  88  6:02  Spore Crawler  
  90  6:13  Muscular Augments  
  90  6:17  Hatchery  
  89  6:21  Drone x2  
  91  6:27  Hydralisk x6  
  91  6:30  Overlord x2  
  97  6:42  Drone  
  97  6:45  Infestation Pit  
  97  6:47  Roach x5  
  93  6:55  Zerg Missile Weapons Level 2  
  93  6:57  Drone  
  93  6:58  Drone x11  
  105  7:03  Spine Crawler  
  105  7:05  Spore Crawler  
  105  7:06  Zerg Ground Armor Level 2  
  103  7:14  Overseer  
  102  7:26  Drone x2  
  102  7:27  Drone  
  102  7:29  Drone x3  
  105  7:32  Hive  
  105  7:35  Hydralisk x4  
  105  7:36  Hydralisk x2  
  117  7:39  Overlord x2  
  117  7:41  Drone  
  117  7:42  Extractor  
  117  7:43  Extractor  
  116  7:45  Spore Crawler  
  116  7:50  Hydralisk x5  
  125  8:05  Drone  
  125  8:06  Hydralisk x5  
  125  8:10  Hatchery  
  125  8:11  Overlord  
  125  8:12  Overlord  
  135  8:26  Drone  
  136  8:46  Viper x3, Ultralisk Cavern  
  144  8:49  Drone  
  144  8:51  Hatchery  
  144  8:54  Roach x7  
  158  8:57  Hatchery  
  157  9:06  Overlord  
  157  9:07  Overlord x5  
  157  9:13  Zerg Missile Weapons Level 3  
  157  9:16  Evolution Chamber  
  154  9:31  Overlord  
  154  9:33  Chitinous Plating  
  154  9:35  Extractor  
  154  9:37  Hydralisk x10  
  173  9:40  Extractor  
  173  9:42  Drone  
  173  9:44  Zerg Melee Weapons Level 1  
  173  9:47  Drone x3  
  173  9:49  Spine Crawler  
  173  9:52  Spore Crawler  
  174  9:54  Zerg Ground Armor Level 3  
  174  9:58  Tunneling Claws  
  174  10:04  Drone x2  
  174  10:05  Burrow  
  176  10:22  Roach x11  
  188  10:41  Roach  
  188  10:42  Roach x10  
  189  10:43  Viper  
  144  11:28  Ultralisk x6  
  176  11:37  Ultralisk  
  183  11:40  Ravager x6  
  183  11:42  Drone  
  189  11:49  Ravager x3  
  189  11:52  Ravager  
  189  11:53  Overseer  
  193  11:55  Overseer  
  193  12:03  Hydralisk  
  193  12:04  Hydralisk x2  
  199  12:16  Zerg Melee Weapons Level 2, Lurker Den  
  199  12:26  Spire  
  106  12:47  Viper  
  106  12:48  Viper x2  
  106  12:49  Infestor  
  109  12:52  Drone x3  
  109  12:54  Drone x3  
  115  13:01  Infestor x2  
  119  13:06  Queen x6  
  119  13:07  Queen  
  119  13:10  Hydralisk  
  119  13:11  Hydralisk x5  
  145  13:17  Hydralisk x3  
  151  13:25  Hydralisk x3  
  157  13:37  Roach x7  
  169  14:00  Hydralisk x10  
  169  14:02  Overlord  
  189  14:08  Spire  
  188  14:11  Zerg Flyer Armor Level 1  
  188  14:27  Hatchery  
  187  14:40  Drone  
  186  14:54  Hatchery  
  186  14:56  Roach x2  
  185  15:05  Ultralisk  
  185  15:06  Overlord  
  185  15:07  Overlord x2  
  191  15:11  Overlord x2  
  191  15:28  Zerg Melee Weapons Level 3  
  191  15:29  Zerg Flyer Weapons Level 1  
  191  15:37  Ultralisk, Extractor  
  191  15:38  Extractor  
  191  15:42  Drone  
  180  16:04  Extractor  
  177  16:05  Spine Crawler, Extractor  
  177  16:06  Zerg Flyer Armor Level 2  
  175  16:19  Roach x8  
  175  16:20  Roach x5  
  187  16:58  Drone x3  
  178  17:13  Spine Crawler  
  164  17:18  Overseer  
  164  17:19  Overseer  
  164  17:23  Drone x2  
  164  17:24  Spore Crawler  
  154  17:31  Ultralisk x4  
  154  17:32  Ultralisk x3, Hydralisk  
  154  17:33  Hydralisk x6  
  196  17:38  Overseer x2  
  196  17:39  Overseer  
  196  17:40  Overseer  
  194  17:50  Infestor x2  
  194  17:51  Spine Crawler, Extractor, Infestor x3  
  187  17:53  Spine Crawler x2  
  187  17:55  Baneling Nest  
  179  18:00  Drone x3  
  182  18:07  Infestor x4  
  182  18:12  Pathogen Glands  
  188  18:30  Drone x3  
  191  18:38  Drone x3  
  194  18:46  Hatchery  
  189  18:56  Centrifical Hooks  
  189  19:02  Corruptor x5  
  177  19:30  Corruptor x4  
  177  19:31  Corruptor x4  
  177  19:34  Drone  
  177  19:35  Drone  
  177  19:36  Spore Crawler  
  177  19:38  Hydralisk x8  
  168  19:39  Hydralisk x7  
  198  19:48  Overseer  
  198  19:49  Zerg Flyer Weapons Level 2, Overseer  
  198  19:50  Zerg Flyer Armor Level 3  
  197  20:01  Drone x2  
  192  20:11  Spine Crawler  
  192  20:14  Spine Crawler  
  159  20:33  Infestor x4  
  105  20:50  Infestor x2  
  105  20:56  Zergling x24  
  105  20:57  Zergling x28  
  128  21:01  Extractor  
  128  21:02  Extractor  
  128  21:03  Drone x3, Spore Crawler  
  135  21:08  Hydralisk x7  
  149  21:12  Drone  
  149  21:15  Drone  
  149  21:16  Hatchery  
  145  21:53  Drone x3  
  143  21:58  Roach x9  
  143  21:59  Roach x6  
  162  22:32  Drone  
  159  22:37  Corruptor  
  159  22:38  Corruptor x10  
  159  22:40  Drone  
  159  22:41  Drone x2  
  184  22:47  Drone  
  184  22:48  Drone  
  186  22:57  Hydralisk x6  
  184  23:03  Drone  
  157  23:35  Roach x5  
  157  23:36  Roach x13  
  157  23:39  Drone  
  157  23:40  Extractor x2  
  192  23:48  Drone  
  179  23:59  Roach x6  
  179  24:00  Roach  
  185  24:08  Overlord x3  
  183  24:25  Spine Crawler, Spore Crawler  
  183  24:26  Overlord  
  183  24:27  Overlord  
  183  24:28  Hatchery  
  180  24:32  Zerg Flyer Weapons Level 3  
  176  24:53  Infestor x2  
  180  25:12  Infestor  
  182  25:16  Infestor  
  179  25:29  Drone x2  
  179  25:30  Hydralisk x3  
  179  25:34  Drone x2  
  185  25:45  Drone  
  185  25:46  Extractor  
  185  25:55  Viper x2  
  185  25:56  Spore Crawler  
  190  26:12  Drone  
  160  26:41  Infestor  
  160  26:44  Roach x7, Hydralisk x8  
  196  26:48  Overseer  
  188  26:59  Baneling  
  188  27:00  Baneling x10  
  188  27:01  Baneling x7  
  181  27:02  Zergling x32  
  181  27:03  Zergling x2  
  192  27:09  Zergling x6  
  162  27:26  Corruptor x2  
  134  27:41  Corruptor  
  122  27:46  Roach x8  
  122  27:47  Overseer x2  
  110  28:00  Roach  
  110  28:01  Roach x3  
  116  28:13  Infestor x2  
  116  28:14  Infestor  
  122  28:23  Drone x2  
  124  28:27  Drone x3  
  127  28:37  Infestor  
  129  28:47  Ravager x9  
  137  28:57  Drone x2  
  134  29:05  Drone  
  134  29:09  Drone x2  
  137  29:17  Hatchery  
  132  29:46  Hydralisk x2  
  132  29:47  Hydralisk x4  
  132  29:52  Infestor  
  146  30:02  Roach  
  146  30:03  Infestor x2  
  150  30:07  Roach  
  150  30:27  Hatchery  
  147  30:40  Hydralisk x2  
  147  30:41  Hydralisk x4  
  118  30:54  Hydralisk x3  
  87  31:11  Hydralisk x4  
  95  31:22  Drone x2  
  95  31:23  Drone  
  104  31:35  Roach x6  
  104  31:38  Drone  
  104  31:39  Drone  
  112  31:48  Infestor x2  
  112  31:49  Infestor  
  118  31:55  Infestor x2  
  118  31:59  Overseer  
  122  32:08  Hatchery  
  118  32:21  Drone x3  
  116  32:26  Drone x3  
  117  32:48  Hatchery  
  115  32:56  Corruptor x3  
  120  33:01  Drone x2  
  100  33:16  Hydralisk x4  
  106  33:25  Infestor x2  
  110  33:52  Roach x8  
  110  33:54  Hydralisk x3  
  81  34:24  Hydralisk x5  
  45  34:57  Hydralisk  
Show
View Real Time Build Order
Export as new Build Order

EJK Terran - Winner!

Build Orders: Reaper Expand, Hellion Banshee, Mech 

Get SALT Encoding   

  12  0:00  SCV  
  13  0:13  SCV  
  14  0:17  Supply Depot  
  14  0:25  SCV  
  15  0:38  SCV  
  15  0:40  Barracks  
  16  0:44  Refinery  
  16  0:51  SCV  
  17  1:03  SCV  
  18  1:15  SCV  
  19  1:28  Orbital Command  
  19  1:29  Reaper  
  20  1:38  Command Center  
  20  1:48  Supply Depot  
  20  1:53  SCV  
  21  1:59  Refinery  
  21  2:00  Marine  
  22  2:06  SCV  
  23  2:13  Factory  
  23  2:18  SCV  
  24  2:24  Barracks Reactor  
  24  2:30  SCV  
  25  2:42  SCV  
  26  2:47  Factory  
  26  2:52  Orbital Command  
  26  2:54  SCV  
  27  3:06  SCV  
  27  3:07  Hellion x2  
  27  3:10  Barracks Tech Lab  
  32  3:16  Supply Depot  
  32  3:18  SCV  
  33  3:23  SCV  
  34  3:29  Hellion x2  
  34  3:33  SCV  
  38  3:35  SCV  
  38  3:39  Cyclone  
  42  3:41  Supply Depot  
  42  3:46  SCV  
  42  3:47  SCV  
  44  3:51  Starport  
  44  3:56  Hellion  
  44  3:57  Hellion  
  44  3:58  SCV  
  44  4:00  SCV  
  50  4:04  Bunker  
  50  4:10  SCV  
  50  4:12  SCV  
  50  4:16  Command Center  
  52  4:22  SCV  
  52  4:24  SCV  
  54  4:29  Factory Tech Lab  
  54  4:34  Refinery x2  
  54  4:35  Hellion x2  
  54  4:38  Supply Depot  
  58  4:42  Banshee  
  58  4:43  SCV  
  58  4:44  SCV  
  68  5:00  Siege Tank, Hellion x2  
  68  5:03  Supply Depot  
  68  5:04  SCV x2  
  70  5:22  Liberator x2  
  70  5:25  SCV x2  
  70  5:27  Supply Depot  
  72  5:29  Engineering Bay  
  72  5:30  Orbital Command  
  72  5:33  Factory  
  72  5:34  Factory Reactor  
  72  5:42  Supply Depot, SCV x2  
  80  5:46  Siege Tank  
  81  5:54  SCV x2  
  83  5:59  Orbital Command  
  84  6:05  Liberator x2  
  84  6:06  SCV  
  84  6:10  SCV  
  82  6:12  Hellion x2  
  86  6:18  SCV  
  86  6:20  Siege Tank  
  86  6:24  Refinery  
  96  6:26  Supply Depot, SCV  
  96  6:27  Siege Tank, SCV  
  96  6:29  Refinery  
  96  6:30  SCV  
  102  6:39  SCV x2  
  104  6:43  SCV  
  104  6:46  Hellion x2  
  106  6:51  SCV x2  
  106  6:52  Hellion  
  106  6:54  Missile Turret  
  108  6:55  SCV  
  108  7:00  Armory  
  109  7:02  Siege Tank  
  109  7:03  Factory, SCV x2  
  109  7:05  Factory  
  109  7:07  SCV, Hellion  
  117  7:20  Supply Depot  
  117  7:21  Supply Depot  
  117  7:23  SCV x2  
  117  7:27  Hellion  
  117  7:28  Medivac  
  117  7:30  Hellion  
  117  7:41  Siege Tank, Viking, Hellion  
  117  7:42  Supply Depot  
  117  7:43  Supply Depot  
  124  7:46  Command Center  
  124  7:49  Factory Reactor, Sensor Tower, Factory Tech Lab  
  124  7:54  Hellion x2  
  124  7:57  Terran Vehicle Weapons Level 1  
  128  7:59  Barracks  
  128  8:00  Barracks  
  128  8:01  Barracks Tech Lab  
  128  8:03  Ghost Academy  
  128  8:15  Siege Tank x2  
  128  8:16  Siege Tank  
  137  8:20  Hellion x2  
  141  8:28  Command Center, Hellion x2  
  141  8:32  Supply Depot, Personal Cloaking  
  145  8:35  Ghost  
  147  8:49  Viking x2  
  147  8:50  Barracks Tech Lab x2  
  151  9:00  Siege Tank x3  
  160  9:15  Ghost x3  
  166  9:21  Supply Depot  
  166  9:22  Supply Depot  
  162  9:42  Planetary Fortress  
  162  9:44  Ghost x3  
  168  9:46  Hellion x4  
  168  9:49  Refinery  
  168  9:51  Refinery  
  176  9:55  Terran Vehicle Weapons Level 2  
  176  10:03  Command Center  
  176  10:25  Ghost x2  
  176  10:26  Ghost  
  176  10:27  Viking x2  
  171  10:48  Missile Turret  
  171  10:49  Missile Turret  
  171  10:55  Liberator  
  171  11:00  Ghost x3  
  171  11:02  Siege Tank x3  
  183  11:04  Planetary Fortress  
  183  11:08  Missile Turret  
  184  11:22  Refinery  
  184  11:23  Refinery  
  155  11:28  Ghost  
  155  11:29  Ghost  
  155  11:32  Missile Turret x2  
  149  11:37  SCV x3  
  149  11:38  SCV  
  153  11:40  Armory  
  153  11:44  Liberator  
  153  11:48  Missile Turret, Liberator  
  153  11:54  Infernal Pre-Igniter  
  153  11:55  Mag-Field Accelerator  
  153  11:59  SCV x2  
  153  12:00  SCV x2  
  163  12:10  Ghost  
  165  12:16  Ghost  
  167  12:28  Liberator  
  136  12:41  Siege Tank x2  
  133  12:44  Hellion  
  133  12:45  Hellion x3  
  144  13:00  Terran Vehicle And Ship Armor Level 1  
  144  13:02  Terran Ship Weapons Level 1  
  144  13:03  Ghost x2, Sensor Tower, Terran Infantry Armor Level 1  
  148  13:07  Medivac  
  148  13:12  SCV x3  
  150  13:13  SCV  
  151  13:23  Cyclone, Hellion x3  
  151  13:24  Hellion  
  162  13:27  Cyclone  
  162  13:32  Cyclone  
  168  13:37  Viking  
  168  13:38  Viking  
  172  13:51  Hellion x4  
  180  13:55  Orbital Command  
  180  13:57  Liberator x2  
  180  14:02  Cyclone x2  
  186  14:04  Cyclone  
  195  14:40  Cyclone  
  198  14:56  Terran Vehicle And Ship Armor Level 2, Terran Ship Weapons Level 2, Starport  
  198  14:59  Fusion Core  
  198  15:02  Ghost  
  200  15:13  Hellion x11  
  198  15:42  Command Center  
  183  15:50  Cyclone  
  183  15:51  Cyclone, Hellion x2  
  183  15:52  Hellion x2  
  197  16:04  Cyclone  
  200  16:17  Starport Tech Lab  
  200  16:19  Terran Infantry Armor Level 2  
  200  16:27  Missile Turret  
  198  16:38  Sensor Tower  
  190  17:13  Cyclone x2  
  196  17:16  Liberator x2  
  188  17:34  Advanced Ballistics  
  188  17:35  Terran Vehicle And Ship Armor Level 3  
  194  17:38  Sensor Tower  
  194  17:41  Missile Turret  
  194  17:50  Command Center  
  194  17:51  Command Center  
  184  17:52  Hellion x5, Liberator  
  188  17:58  Liberator  
  188  17:59  Liberator  
  188  18:01  Hellion  
  188  18:02  Terran Ship Weapons Level 3  
  197  18:38  Missile Turret, Sensor Tower  
  197  18:39  Missile Turret  
  197  18:57  Barracks  
  160  19:34  Ghost x2  
  160  19:36  Cyclone x3, Liberator x2  
  173  19:43  Planetary Fortress  
  173  19:48  Refinery  
  173  19:49  Refinery  
  173  19:52  Ghost  
  181  20:00  Missile Turret  
  181  20:03  Ghost x2  
  181  20:06  Missile Turret  
  185  20:07  Missile Turret  
  185  20:20  Missile Turret x2  
  185  20:21  Ghost  
  168  20:31  Ghost, Cyclone x3, Hellion  
  168  20:32  Ghost, Hellion x2  
  173  20:41  Hellion  
  155  20:48  Liberator x3  
  155  20:49  Ghost  
  155  20:53  Hellion x3  
  155  20:55  Missile Turret  
  155  20:56  Missile Turret  
  163  21:00  Ghost x2  
  163  21:03  Cyclone x2  
  173  21:06  Cyclone, Hellion  
  187  21:14  Hellion x3  
  186  21:28  Hellion  
  185  21:35  Cyclone x2, Liberator  
  185  21:36  Hellion x3  
  185  21:38  Cyclone  
  185  21:39  Terran Infantry Armor Level 3  
  192  21:40  Ghost, Terran Vehicle Weapons Level 3  
  192  21:41  Ghost x2  
  196  21:47  Liberator  
  198  22:09  Ghost  
  188  23:30  Command Center, Liberator  
  188  23:44  Cyclone x3  
  179  24:11  Hellion  
  179  24:12  Hellion x3  
  187  24:31  Command Center x2  
  187  24:34  Hellion x4  
  192  24:49  Orbital Command  
  196  25:14  Hellion x4  
  196  25:34  Liberator x2  
  194  25:37  Hellion x2  
  194  25:49  Orbital Command  
  218  25:50  Orbital Command  
  194  25:55  Command Center  
  200  26:03  Terran Infantry Weapons Level 1  
  200  26:17  Planetary Fortress  
  200  26:19  Missile Turret, Refinery  
  200  26:20  Refinery  
  200  26:24  Missile Turret  
  169  26:42  Ghost, Cyclone x2  
  169  26:43  Ghost x2, Cyclone  
  169  26:45  Hellion x4  
  192  27:07  Hellion x4  
  176  27:17  Cyclone x2  
  176  27:18  Hellion  
  152  27:28  Hellion x3  
  152  27:29  Hellion  
  121  27:39  Cyclone  
  119  27:49  Hellion x3  
  119  27:50  Hellion x3  
  117  28:11  SCV  
  117  28:12  Hellion  
  120  28:17  Hellion x3  
  120  28:19  Refinery  
  126  28:32  Sensor Tower  
  126  28:38  Cyclone x2  
  126  28:39  Hellion x2  
  133  28:51  Liberator  
  133  28:52  Missile Turret  
  133  28:53  Liberator x2  
  132  29:23  Refinery, Planetary Fortress  
  132  29:35  Liberator x2  
  130  29:51  Medivac  
  138  30:04  Liberator  
  132  30:18  Liberator x2  
  132  30:23  Command Center  
  135  30:35  Cyclone x3  
  137  30:37  Hellion x2  
  137  30:38  Hellion  
  155  30:47  Liberator  
  142  30:57  Hellion  
  142  30:59  Hellion x2  
  142  31:01  Liberator x2  
  133  31:07  Cyclone x2  
  133  31:08  Cyclone  
  142  31:27  Missile Turret  
  142  31:30  Liberator  
  142  31:35  Hellion x4  
  142  31:39  Cyclone  
  156  31:40  Cyclone x2, Orbital Command  
  156  31:42  Missile Turret  
  156  31:44  Sensor Tower  
  159  31:51  Ghost x2  
  166  31:56  Hellion  
  166  31:57  Hellion x3  
  166  31:58  SCV  
  175  32:12  Hellion  
  177  32:23  Cyclone x2  
  177  32:25  Hellion x2  
  177  32:27  Hellion  
  187  32:33  Cyclone  
  182  32:50  Hellion x2  
  186  32:55  Cyclone  
  177  33:25  Ghost x3  
  183  33:34  Hellion x2  
  183  33:35  Hellion  
  169  34:22  Cyclone x3  
  169  34:24  Hellion x4  
  129  34:45  Hellion  
  131  34:46  Orbital Command  
  131  34:52  Ghost, Hellion x3  
  139  35:07  Refinery  
  139  35:10  Refinery  
Tags
 
Add a new tag
Caveats
  • Supply blocks, unpowered buildings, or Contaminate may cause inaccurate times.
  • Supply counts are checked every 10 seconds.